 Dungeon Crawl Stone Soup version 0.23.2-40-g277498a001 (webtiles) character file.

Game seed: 2987528485366491844

1348 FishyPogo the Insei (level 8, -11/52 HPs)
             Began as a Demonspawn Transmuter on Aug 15, 2019.
             Was a Believer of Hepliaklqana.
             Mangled by Harold
             ... wielding a +7 glaive of venom
              (21 damage)
             ... on level 7 of the Dungeon.
             The game lasted 00:38:18 (6357 turns).

FishyPogo the Insei (Demonspawn Transmuter)         Turns: 6357, Time: 00:38:18

Health: -11/52     AC:  6    Str:  9 (10) XL:     8   Next: 36%
Magic:  0/13       EV: 12    Int: 13 (15) God:    Hepliaklqana [**....]
Gold:   289        SH:  0    Dex: 19 (20) Spells: 5/13 levels left

rFire    . . .     SeeInvis .     - Unarmed
rCold    + . .     Gourm    .   (no shield)
rNeg     . . .     Faith    .   x - +2 leather armour {rPois}
rPois    +         Spirit   +   m - +1 hat
rElec    .         Reflect  .   (no cloak)
rCorr    .         Harm     .   (no gloves)
MR       +....     Rnd*Tele +   (boots currently unavailable)
Stlth    ++........             t - amulet of the acrobat (curse)
HPRegen  0.17/turn              B - ring of protection from magic
MPRegen  0.13/turn              w - ring of teleportation (curse)

@: appendage, marked, hasted, very quick
A: reduced essence, antennae 1, talons 3, thin skeletal structure 1, agile 1,
cold resistance 1, magic shield, freezing cloud immunity
a: End Transformation, Recall Ancestor, Ancestor Identity, Renounce Religion


You were on level 7 of the Dungeon.
You worshipped Hepliaklqana.
Hepliaklqana was pleased with you.
You were hungry.
You had grown temporary talons.
You visited 2 branches of the dungeon, and saw 8 of its levels.
You also visited: Bailey.

You collected 289 gold pieces.

Inventory:

Missiles
 a - 128 arrows
 c - 16 poisoned needles
 e - 3 needles of paralysis
 j - 159 stones (quivered)
 v - 12 tomahawks
Armour
 k - the cursed +0 chain mail of Somewhere Else {rF++ rC- Str+3, unknown}
   (You found it on level 7 of the Dungeon)

   It affects your strength (+3).
   It greatly protects you from fire.
   It makes you vulnerable to cold.
   It has a curse placed upon it.
 m - a +1 hat (worn)
 x - a +2 leather armour of poison resistance (worn)
Jewellery
 t - a cursed amulet of the acrobat (around neck)
 w - a cursed ring of teleportation (right hand)
 B - a ring of protection from magic (left hand)
Wands
 p - a wand of iceblast (21)
 u - a wand of random effects (18)
Scrolls
 h - 3 scrolls of identify
 n - 2 scrolls of fog
 o - 2 scrolls of amnesia
 s - a scroll of enchant armour
Potions
 b - a potion of berserk rage {unknown}
 f - a potion of flight {unknown}
 g - a potion of curing
 i - 2 potions of degeneration
 l - a potion of cancellation
 z - a potion of lignification {unknown}
 C - a potion of magic {unknown}
Comestibles
 d - 9 rations


   Skills:
 + Level 3.2 Fighting
 - Level 2.0 Dodging
 + Level 1.8 Stealth
 * Level 5.2 Unarmed Combat
 + Level 3.4 Spellcasting
 - Level 5.0 Transmutations
 - Level 4.0 Poison Magic
 * Level 3.5 Invocations


You had 5 spell levels left.
You knew the following spells:

 Your Spells              Type           Power        Failure   Level  Hunger
a - Ice Form              Ice/Tmut       #.......     73%         4    #####..
d - Beastly Appendage     Tmut           ###...       4%          1    #......
e - Spider Form           Tmut/Pois      ##........   14%         3    ###....

Your spell library contained the following spells:

 Spells                   Type           Power        Failure   Level  Hunger
 Sticks to Snakes         Tmut           ###.....     6%          2    ##.....
 Shock                    Conj/Air       #...         30%         1    #......
 Swiftness                Chrm/Air       #.......     43%         2    ##.....
 Static Discharge         Conj/Air       #.......     67%         3    ###....
 Blade Hands              Tmut           ###.......   73%         5    ######.
 Airstrike                Air            #.........   97%         4    #####..
 Lightning Bolt           Conj/Air       #.........   100%        5    ######.


Dungeon Overview and Level Annotations

Branches:
Dungeon (7/15)             Temple (1/1) D:4

Altars:
Dithmenos
Elyvilon
Gozag
Hepliaklqana
Kikubaaqudgha
Makhleb
Nemelex Xobeh
Okawaru
Ru
Sif Muna
Trog
Uskayaw
Vehumet
Wu Jian
Xom
Yredelemnul
Zin
The Shining One

Annotations:
D:4 3 runed translucent doors, PeSeC's ghost, amateur MiFi
D:7 Harold; Jabberih's ghost, novice DsNe


Innate Abilities, Weirdness & Mutations

You have a pair of small antennae on your head.
You have a somewhat thin skeletal structure. (Dex +2, Stealth)
Your flesh is cold resistant. (rC+)
When hurt, damage is shared between your health and your magic reserves.
You are immune to freezing clouds.
Your life essence is reduced to manifest your ancestor. (-10% HP)
You have claws for feet.
You are agile. (Dex +2)


Message History

The howler monkey skeleton is severely damaged.
Harold seems less drained.
The howler monkey skeleton closely misses you.
Harold casts a spell at you. The harpoon shot hits you.
You are yanked forward by the harpoon shot.
Harold points at you and mumbles some strange words.
The harpoon shot hits you!
* * * LOW HITPOINT WARNING * * *
You are yanked forward by the harpoon shot.
You feel better. Harold misses you.
Really quaff the potion of mutation?
You feel extremely strange.
You feel stupid.
You feel agile.
You are feeling hungry.
The wyvern hisses menacingly.
You closely miss Harold.
Harold is moderately wounded.
Harold hits you with a +7 glaive of venom!!
You die...

##.## #l# #.#####.## .#...
##...## #.# #.# #..# # ...
##.....## #@# #@####.##..# ...
####.......###.###.l....#O.#
W..
..........?.##...######.#....._
# #........####.# #.#.###?! ###
#)...[# #l# #.### ..# #..>.#
#@# #.. ≈.###.#.## #@# ##.
≈..##R#####.# #.# ..
≈...........# #Z# ..
≈.###.####### #.# ≈.# #.# #.#
≈.# #.# #.# ≈.# #.# #.# ..# #.#
#.# ### #.# #.#


You could see Harold, a wyvern and a howler monkey skeleton.

Vanquished Creatures
  Sigmund (D:2)
  Menkaure (D:5)
  An orc warrior (Bailey)
  A centaur (D:6)
  A bullfrog (D:6)
  A scorpion (D:5)
  2 howler monkeys
  A crimson imp (D:6)
  An orc priest (D:4)
  A hound (D:4)
  An iguana (D:5)
  An orc wizard (D:4)
  3 worker ants
  2 hound zombies
  A gnoll (Bailey)
  A hexer (Bailey)
  9 adders
  2 shadow imps
  3 oozes
  6 worms
  A dart slug (D:3)
  3 leopard geckos
  14 orcs
  7 giant cockroaches
  8 goblins
  7 hobgoblins
  6 jackals
  A quokka (D:2)
  2 ball pythons
  10 bats
  5 frilled lizards
  2 jackal skeletons
  A jackal zombie (D:6)
  11 kobolds
  A leopard gecko skeleton (D:4)
  9 rats
128 creatures vanquished.

Vanquished Creatures (collateral kills)
  A bullfrog (D:7)
  A scorpion (D:4)
  A crimson imp (D:5)
  A centaur skeleton (D:4)
  A hound zombie (D:6)
  A gnoll (Bailey)
  2 adders
  A leopard gecko (D:4)
  An orc (Bailey)
  3 hobgoblins (Bailey)
  A quokka (D:4)
  A goblin (D:7)
15 creatures vanquished.

Vanquished Creatures (others)
  An ancestor (D:5)
  3 hexers
4 creatures vanquished.

Grand Total: 147 creatures vanquished

Notes
Turn   | Place    | Note
-------+----------+-------------------------------------------
     0 | D:1      | FishyPogo the Demonspawn Transmuter began the quest for the
                  | Orb.
     0 | D:1      | Reached XP level 1. HP: 15/15 MP: 3/3
   171 | D:1      | Gained mutation: Your flesh is cold resistant. (rC+)
                  | [demonic ancestry]
   171 | D:1      | Reached XP level 2. HP: 20/21 MP: 5/5
   380 | D:1      | HP: 1/21 [kobold/+0 short sword of electrocution (13)]
   966 | D:2      | Gained mutation: When hurt, damage is shared between your
                  | health and your magic reserves. [demonic ancestry]
   966 | D:2      | Reached XP level 3. HP: 25/26 MP: 4/6
  1107 | D:2      | Learned a level 3 spell: Spider Form
  1644 | D:2      | HP: 1/26 [adder (3)]
  1646 | D:2      | Reached skill level 1 in Poison Magic
  1646 | D:2      | Reached XP level 4. HP: 15/32 MP: 0/7
  1733 | D:2      | Found a glowing silver altar of Zin.
  1906 | D:2      | Noticed Sigmund
  1919 | D:2      | Killed Sigmund
  1919 | D:2      | Gained mutation: You have a somewhat thin skeletal
                  | structure. (Dex +2, Stealth) [demonic ancestry]
  1919 | D:2      | Reached XP level 5. HP: 17/37 MP: 2/8
  2561 | D:3      | Gained mutation: You are immune to freezing clouds.
                  | [demonic ancestry]
  2561 | D:3      | Reached XP level 6. HP: 40/43 MP: 6/9
  3015 | D:3      | Found a radiant altar of Vehumet.
  3422 | D:4      | Found a runed translucent gate.
  3422 | D:4      | Found a runed translucent gate.
  3422 | D:4      | Found a runed translucent gate.
  3599 | D:4      | Noticed PeSeC's ghost (amateur MiFi)
  3604 | D:4      | Identified the +6 short sword "Demonspawn's Peril" {drain,
                  | MR+ MP+9}
  3697 | D:4      | Found a staircase to the Ecumenical Temple.
  3710 | Temple   | Entered the Ecumenical Temple
  3736 | Temple   | Became a worshipper of Hepliaklqana the Forgotten
  4270 | D:4      | Found a basalt altar of Yredelemnul.
  4441 | D:4      | Found a deep blue altar of Sif Muna.
  4507 | D:5      | Entered Level 5 of the Dungeon
  4524 | D:5      | Reached * piety under Hepliaklqana
  4541 | D:5      | Learned a level 4 spell: Ice Form
  4546 | D:5      | Gained mutation: You have a pair of small antennae on your
                  | head. [demonic ancestry]
  4546 | D:5      | Reached XP level 7. HP: 45/45 MP: 6/10
  4812 | D:5      | Noticed Menkaure
  4828 | D:5      | Killed Menkaure
  4937 | D:5      | Found a bloodstained altar of Trog.
  4959 | D:5      | Reached skill level 5 in Transmutations
  5216 | D:5      | Reached skill level 1 in Invocations
  5299 | D:6      | Got a brightly glowing mace
  5366 | D:6      | Reached XP level 8. HP: 47/51 MP: 8/12
  5489 | D:6      | Found a sacrificial altar of Ru.
  5538 | D:6      | Found an opulent altar of Gozag.
  5542 | D:6      | Reached ** piety under Hepliaklqana
  5543 | D:6      | Remembered your ancestor Paki as a hexer
  5702 | D:6      | Reached skill level 1 in Stealth
  5715 | D:6      | Reached skill level 5 in Unarmed Combat
  5991 | D:7      | Found a flagged portal.
  6022 | Bailey   | Entered a bailey
  6152 | Bailey   | Noticed an orc warlord
  6152 | Bailey   | Noticed an orc knight
  6291 | D:7      | Noticed Jabberih's ghost (novice DsNe)
  6291 | D:7      | Noticed Harold
  6293 | D:7      | Got a distressingly furry chain mail
  6299 | D:7      | Found a bloodstained altar of Trog.
  6332 | D:7      | Gained mutation: Your mind is acute. (Int +2) [potion of
                  | mutation]
  6356 | D:7      | Lost mutation: Your mind is acute. (Int +2) [potion of
                  | mutation]
  6356 | D:7      | Gained mutation: You are agile. (Dex +2) [potion of
                  | mutation]
  6357 | D:7      | Mangled by Harold

Skill      XL: |  1  2  3  4  5  6  7  8 |
---------------+-------------------------+-----
Unarmed Combat | 3 4 5 |  5.2
Dodging        | 2 |  2.0
Transmutations | 2 3 4 5 |  5.0
Poison Magic   | 1 3 4 |  4.0
Fighting       | 2 3 |  3.2
Spellcasting   | 3 |  3.4
Invocations    | 2 3 |  3.5
Stealth        | 1 |  1.8

Action                   |  1- 3 |  4- 6 |  7- 9 || total
-------------------------+-------+-------+-------++-------
Melee: Unarmed           |   154 |   195 |   153 ||   502
       Headbutt          |    13 |     9 |       ||    22
       Kick              |     6 |     7 |    18 ||    31
       Punch             |       |     1 |     1 ||     2
Throw: Stone             |       |    12 |     5 ||    17
 Cast: Beastly Appendage |    24 |    16 |    13 ||    53
       Spider Form       |       |    10 |     9 ||    19
Invok: Ancestor Identity |       |     1 |       ||     1
       Recall Ancestor   |       |       |     1 ||     1
       Ancestor Life: He |       |       |     1 ||     1
 Abil: End Transformatio |       |     1 |       ||     1
  Use: Potion            |     2 |       |     9 ||    11
       Scroll            |       |       |    15 ||    15
 Stab: Sleeping          |       |     1 |     4 ||     5
       Distracted        |       |       |     5 ||     5
       Confused          |       |       |     5 ||     5
  Eat: Chunk             |     3 |    10 |     8 ||    21
Armor: Robe              |    41 |    25 |       ||    66
       Leather armour    |       |    10 |    33 ||    43
       Skin              |       |     3 |     1 ||     4
Dodge: Dodged            |   105 |   109 |   130 ||   344
